 Seeded DCSS version 0.30-a0-814-gd57b28d (webtiles) character file.

Game seed: 7557517153524949660 (custom seed)

60 Geeful the Poker (level 3, -1/28 HPs)
             Began as a Mummy Reaver on Feb 27, 2023.
             Slain by a jackal (3 damage)
             ... on level 2 of the Dungeon.
             The game lasted 00:05:08 (1210 turns).

Geeful the Poker (Mummy Reaver)                     Turns: 1210, Time: 00:05:09

Health: -1/28      AC:  9    Str: 17    XL:     3   Next: 80%
Magic:  7/7        EV:  7    Int: 12    God:
Gold:   70         SH:  0    Dex: 10    Spells: 7/7 levels left

rFire   x . .      SeeInvis .    a - +1 spear
rCold   + . .      Faith    +    (no shield)
rNeg    + + +      Spirit   .    d - +0 chain mail
rPois   ∞          Reflect  .    j - +0 helmet
rElec   .          Harm     .    (no cloak)
rCorr   .          Rampage  .    (no gloves)
Will    .....                    (no boots) Stlth
                                 (no amulet)
HPRegen 0.24/turn                (no ring)
MPRegen 0.10/turn                (no ring)

@: no status effects
A: cold resistance 1, negative energy resistance 3, torment resistance 2, heat
vulnerability 1, in touch with death 1, no potions, faith
a: no special abilities


You were on level 2 of the Dungeon.
You visited 1 branch of the dungeon, and saw 2 of its levels.

You collected 70 gold pieces.

Inventory:

Hand Weapons
 a - a +1 spear (weapon)
Armour
 d - a +0 chain mail (worn)
 j - a +0 helmet (worn)
Scrolls
 c - a scroll of immolation
 g - a scroll of enchant armour


   Skills:
 + Level 2.7 Fighting
 + Level 2.8 Polearms
 + Level 1.2 Armour
 + Level 2.1 Dodging
 - Level 2.7 Spellcasting
 - Level 2.4 Conjurations


You had 7 spell levels left.
You didn't know any spells.
Your spell library contained the following spells:

 Spells                   Type           Power      Damage    Failure   Level
 Kiss of Death            Conj/Necr      24%        2d7       95%         1
 Momentum Strike          Conj/Tloc      8%         3d8       99%         2
 Hailstorm                Conj/Ice       4%         3d4       100%        3


Dungeon Overview and Level Annotations

Branches:
Dungeon (2/15)

Altars:

Annotations:
D:2 Jessica


Innate Abilities, Weirdness & Mutations

You are immune to poison.
Your flesh is cold resistant. (rC+)
You are immune to negative energy. (rN+++)
You are immune to unholy pain and torment.
You are vulnerable to heat. (rF-)
You are in touch with the powers of death.
You do not drink.
You have a special connection with the divine. (Faith)


Message History

The jackal is heavily wounded.
The bat barely misses you. The jackal barely misses you.
The bat hits you but does no damage. The jackal barely misses you.
The jackal bites you.
* * * LOW HITPOINT WARNING * * *
You closely miss the jackal.
The jackal is heavily wounded.
The bat hits you but does no damage. The jackal bites you.
* * * LOW HITPOINT WARNING * * *
The jackal bites you but does no damage.
The jackal barely misses you.
You hit the jackal but do no damage.
The jackal is heavily wounded.
The jackal closely misses you. The jackal bites you.
* * * LOW HITPOINT WARNING * * *
The jackal bites you but does no damage.
You closely miss the jackal.
The jackal is heavily wounded.
The jackal bites you.
* * * LOW HITPOINT WARNING * * *
The jackal bites you but does no damage.
The jackal barely misses you.
The jackal bites you but does no damage. x2
Jessica mumbles some strange words.
Jessica blinks!
You closely miss the jackal.
The jackal is moderately wounded.
The jackal bites you but does no damage. x2
The jackal bites you.
* * * LOW HITPOINT WARNING * * *
You hit the jackal.
You kill the jackal!
The jackal bites you but does no damage.
The jackal barely misses you.
The jackal bites you but does no damage. x2
The bat hits you but does no damage. The jackal bites you.
* * * LOW HITPOINT WARNING * * *
The jackal barely misses you. The jackal attacks as you move away!
The jackal bites you.
You die...

#.. ....#.
.#
#..##(#..#..
.......#.#.#
#.........
#.....#.#..
#..........
#†..)@#....
#hhb.......
#.@...#.#.#
#####!...#
.#.#.#
...... .#.#.
.?


You could see Jessica, 2 jackals and a bat.

Vanquished Creatures
  Robin (D:2)
  A worm (D:1)
  A dart slug (D:1)
  3 ball pythons (D:1)
  5 endoplasms
  6 goblins
  4 hobgoblins
  5 jackals
  A quokka (D:1)
  3 bats
  8 frilled lizards (D:1)
  A kobold (D:1)
  2 rats
41 creatures vanquished.

Vanquished Creatures (others)
  A plant (D:2)
1 creature vanquished.

Grand Total: 42 creatures vanquished

Notes
Turn   | Place    | Note
-------+----------+-------------------------------------------
     0 | D:1      | Geeful the Mummy Reaver began the quest for the Orb.
     0 | D:1      | Reached XP level 1. HP: 16/16 MP: 4/4
   108 | D:1      | Reached XP level 2. HP: 15/22 MP: 5/5
   654 | D:1      | Gained mutation: You are in touch with the powers of death.
                  | [Mummy growth]
   654 | D:1      | Reached XP level 3. HP: 28/28 MP: 7/7
  1048 | D:1      | Reached skill level 1 in Armour
  1164 | D:2      | Noticed Robin
  1180 | D:2      | Killed Robin
  1199 | D:2      | Noticed Jessica
  1210 | D:2      | Slain by a jackal

Illustrated notes

Levels and vault maps discovered:
D:1:      nzn_arrival_depleted_hourglass, layout_loops_ring, minmay_lizard_pond
D:2:      layout_rooms, shapermc_ecumenical_altar_mp_ritualfount, serial_shops,
          shop, hangedman_decor_riveting, uniq_robin, uniq_jessica

Skill      XL: |  1  2  3 |
---------------+----------+-----
Dodging        | 2 |  2.1
Armour         | 1 |  1.2
Fighting       | |  2.7
Polearms       | |  2.8
Spellcasting   | |  2.7
Conjurations   | |  2.4

Action                     || total
---------------------------++-------
  Melee: Spear             ||   175
         Punch             ||     2
    Use: Scroll            ||     6
 Armour: Leather armour    ||     5
         Chain mail        ||   106
  Dodge: Dodged            ||    68

Table legend: (Time is in decaauts)
 A = Elapsed time spent in this place.
 B = Non-inter-level travel time spent in this place.
 C = Inter-level travel time spent in this place.
 D = Time resting spent in this place.
 E = Time spent auto-exploring this place.
 F = Levels seen in this place.
 G = Mean time per level.
                   A        B        C        D        E       F      G
               +--------+--------+--------+--------+--------+-----+--------+
         Total |   1207 |   1185 |     22 |     59 |    799 |   2 |  603.5 |
       Dungeon |   1207 |   1185 |     22 |     59 |    799 |   2 |  603.5 |
               +--------+--------+--------+--------+--------+-----+--------+

Top non-repeatable levels by time:
     D:1: 1075 daAuts
     D:2: 131 daAuts
